 Dungeon Crawl Stone Soup version 0.27-a0-808-g60bc5d92e6 (webtiles) character file.

Game seed: 8745619866182589037

373 rageheart7 the Skirmisher (level 6, -1/52 HPs)
             Began as a Demonspawn Wanderer on Mar 28, 2021.
             Slain by an ogre
             ... wielding a +0 giant club
              (9 damage)
             ... on level 5 of the Dungeon.
             The game lasted 00:06:36 (3408 turns).

rageheart7 the Skirmisher (Demonspawn Wanderer)     Turns: 3408, Time: 00:06:37

Health: -1/52      AC: 13    Str: 13    XL:     6   Next: 43%
Magic:  8/8        EV:  5    Int:  7    God:
Gold:   177        SH:  0    Dex: 18    Spells: 8/8 levels left

rFire    . . .     SeeInvis .   b - +0 quarterstaff
rCold    . . .     Faith    .   (shield currently unavailable)
rNeg     . . .     Spirit   .   i - +0 plate armour
rPois    .         Reflect  .   j - +0 helmet
rElec    .         Harm     .   (no cloak)
rCorr    .         Rampage  .   (no gloves)
Will     .....                  (no boots)
Stlth    ..........             (no amulet)
HPRegen  0.17/turn              (no ring)
MPRegen  0.11/turn              (no ring)

@: no status effects
A: repulsion field 1, powered by pain 1, demonic magic 1, blurry vision 1, dopey
1, shaggy fur 1
a: no special abilities


You were on level 5 of the Dungeon.
You visited 1 branch of the dungeon, and saw 5 of its levels.

You collected 177 gold pieces.

Inventory:

Hand Weapons
 a - a +2 hand crossbow
 b - a +0 quarterstaff (weapon)
Missiles
 h - 8 javelins (quivered)
 k - 11 boomerangs
 l - 19 poisoned darts
 q - 41 arrows
 r - 39 bolts
Armour
 e - a +1 animal skin
 i - a +0 plate armour (worn)
 j - a +0 helmet (worn)
Scrolls
 c - 2 scrolls of enchant weapon {unknown}
 m - a scroll of enchant armour {unknown}
 n - a scroll of fear {unknown}
 o - 3 scrolls of teleportation {unknown}
 s - 2 scrolls of identify
Potions
 d - a potion of berserk rage {unknown}
 f - a potion of curing
 g - a potion of attraction
 p - a potion of haste {unknown}
 t - a potion of flight {unknown}


   Skills:
 * Level 6.0 Fighting
 - Level 1.0(1.6) Axes
 - Level 2.0(2.3) Polearms
 * Level 1.0(1.6) Staves
 - Level 1.6 Crossbows
 - Level 2.6 Armour
 - Level 1.9 Spellcasting
 - Level 2.0 Evocations


You had 8 spell levels left.
You didn't know any spells.
Your spell library was empty.

Dungeon Overview and Level Annotations

Branches:
Dungeon (5/15)
 Temple: D:4-7

Altars:
Fedhas

Shops:
D:3 (*=[?


Innate Abilities, Weirdness & Mutations

You are surrounded by a mild repulsion field. (EV +2)
You sometimes gain a little power by taking damage.
Spells you cast may paralyse adjacent enemies.
Scrolls take you a little longer to read.
You are dopey. (Int -2)
You are covered in fur. (AC +1)


Message History

Found a blossoming altar of Fedhas.
There is a stone staircase leading down here.
There is a stone staircase leading down here.
Things that are here:
a +0 whip; a +0 scale mail Done exploring.
Done exploring.
Done exploring.
There is a stone staircase leading down here.
You climb downwards.
Found an emerald potion.
There is a stone staircase leading up here.
d - an emerald potion An ogre comes into view.
It is wielding a +0 giant club.
The ogre shouts!
The ogre moves out of view.
An ogre is nearby!
An ogre is nearby!
An ogre is nearby!
You shoot a bolt. The bolt barely misses the ogre.
You shoot a bolt. The bolt hits the ogre.
The ogre is lightly wounded.
You shoot a bolt. The bolt closely misses the ogre.
You shoot a bolt.
The bolt hits the ogre but does no damage.
The ogre hits you with a +0 giant club!!
The ogre barely misses you.
b - a +0 quarterstaff (weapon)
Okay, then.
You sock the ogre!
The ogre is moderately wounded.
The ogre hits you with a +0 giant club.
Your plate armour prevents you from hitting the ogre.
The ogre is moderately wounded.
The ogre hits you with a +0 giant club!!
* * * LOW HITPOINT WARNING * * *
You hit the ogre.
The ogre is heavily wounded.
The ogre hits you with a +0 giant club!
You die...

#. ##+#... ###
.......#+####
.(..
......#....+?....
...........#(....
#.#.#.#.#.#.#....
..............#
.#.#.#.#.#O#.#..#
.........@......#
.#.#.#.#.#.#.#..#
...............#
#.#.#.#<#.#.#.#
###.........#
###########


You could see an ogre.

Vanquished Creatures
  A scorpion (D:4)
  2 orc priests
  A centaur skeleton (D:4)
  2 orc wizards (D:4)
  Robin (D:3)
  6 adders
  A howler monkey skeleton (D:4)
  A worm (D:3)
  4 dart slugs
  11 orcs
  2 endoplasms
  A giant cockroach (D:4)
  13 goblins
  9 hobgoblins
  7 jackals
  7 kobolds
  6 quokkas
  6 ball pythons
  2 bats (D:1)
  5 frilled lizards
  6 rats
94 creatures vanquished.

Notes
Turn   | Place    | Note
-------+----------+-------------------------------------------
     0 | D:1      | rageheart7 the Demonspawn Wanderer began the quest for the
                  | Orb.
     0 | D:1      | rageheart7 set off with the following items: a +2 hand
                  | crossbow, 21 bolts, a +0 ring mail, a potion of
                  | lignification
     0 | D:1      | Reached XP level 1. HP: 18/18 MP: 1/1
   126 | D:1      | Gained mutation: You are surrounded by a mild repulsion
                  | field. (EV +2) [demonic ancestry]
   126 | D:1      | Reached XP level 2. HP: 24/24 MP: 2/2
   240 | D:1      | Reached skill level 4 in Fighting
   311 | D:1      | Gained mutation: Spells you cast may paralyse adjacent
                  | enemies. [demonic ancestry]
   311 | D:1      | Reached XP level 3. HP: 30/30 MP: 3/3
  1143 | D:2      | Gained mutation: You are dopey. (Int -2) [potion of
                  | mutation]
  1143 | D:2      | Gained mutation: Scrolls take you a little longer to read.
                  | [potion of mutation]
  1143 | D:2      | Gained mutation: You are covered in fur. (AC +1) [potion of
                  | mutation]
  1158 | D:3      | Found Neagim's Weapon Shop.
  1175 | D:3      | Found Jiwe's General Store.
  1235 | D:3      | Found Riek Xup's Jewellery Boutique.
  1242 | D:3      | Gained mutation: You sometimes gain a little power by
                  | taking damage. [demonic ancestry]
  1242 | D:3      | Reached XP level 4. HP: 38/38 MP: 4/4
  1257 | D:3      | Noticed Robin
  1495 | D:3      | Killed Robin
  1496 | D:3      | Reached skill level 1 in Spellcasting
  1664 | D:3      | Found Laitreff's Antique Armour Shop.
  1706 | D:3      | Reached skill level 5 in Fighting
  1706 | D:3      | Reached XP level 5. HP: 31/44 MP: 5/7
  1872 | D:3      | Found Sothruad's Magic Scroll Emporium.
  2521 | D:4      | Reached skill level 1 in Polearms
  2527 | D:4      | Reached XP level 6. HP: 23/52 MP: 8/8
  3060 | D:4      | Reached skill level 6 in Fighting
  3060 | D:4      | Reached skill level 1 in Staves
  3151 | D:4      | Found a blossoming altar of Fedhas.
  3390 | D:5      | Entered Level 5 of the Dungeon
  3408 | D:5      | Slain by an ogre

Illustrated notes

Levels and vault maps discovered:
D:1:      dpeg_arrival_court, layout_rooms, minmay_misc_feat_room,
          minmay_bisected
D:2:      layout_rooms
D:3:      kennysheep_six_static_rooms, layout_basic, serial_shops,
          nicolae_shop_waterfront, shop, nicolae_shop_stone,
          nicolae_shop_statue_plus, nicolae_shop_waterfront, uniq_robin
D:4:      layout_cave_pools, lemuel_round_altar
D:5:      layout_gridville, nicolae_hepliaklqana_ecumenical_no_more,
          lemuel_doored_altar, minmay_temple_entry_ruins, st_stairs_12,
          minmay_misc_feat_columns, uniq_blork_the_orc

Skill      XL: |  1  2  3  4  5  6 |
---------------+-------------------+-----
Fighting       | 4 5 6 |  6.0
Spellcasting   | 1 |  1.9
Polearms       | 1 2 |  2.0
Staves         | 1 |  1.0
Axes           | |  1.0
Crossbows      | |  1.6
Armour         | |  2.6
Evocations     | |  2.0

Action                   |  1- 3 |  4- 6 || total
-------------------------+-------+-------++-------
Melee: Quarterstaff      |       |    45 ||    45
 Fire: Hand crossbow     |    75 |   124 ||   199
  Use: Scroll            |     5 |       ||     5
       Potion            |     1 |     1 ||     2
Armor: Ring mail         |     7 |       ||     7
       Plate armour      |    15 |    97 ||   112
       Skin              |       |    31 ||    31
Dodge: Dodged            |    14 |    26 ||    40

Table legend: (Time is in decaauts)
 A = Elapsed time spent in this place.
 B = Non-inter-level travel time spent in this place.
 C = Inter-level travel time spent in this place.
 D = Time resting spent in this place.
 E = Time spent auto-exploring this place.
 F = Levels seen in this place.
 G = Mean time per level.
                   A        B        C        D        E       F      G
               +--------+--------+--------+--------+--------+-----+--------+
         Total |   3501 |   3364 |    137 |      0 |   2731 |   5 |  700.2 |
       Dungeon |   3501 |   3364 |    137 |      0 |   2731 |   5 |  700.2 |
               +--------+--------+--------+--------+--------+-----+--------+

Top non-repeatable levels by time:
     D:3: 1142 daAuts
     D:4: 998 daAuts
     D:1: 713 daAuts
     D:2: 627 daAuts
     D:5: 19 daAuts
